 Dungeon Crawl Stone Soup version 0.23.0-3-gf3c87f2df8 (webtiles) character file.

Game seed: 11511651593394275811

16768 P0WERM0DE the Cleaver (level 12, -8/109 HPs)
             Began as a Deep Dwarf Fighter on Feb 24, 2019.
             Was a Priest of Makhleb.
             Mangled by an orc knight
             ... wielding a +3 vampiric battleaxe
              (21 damage)
             ... on level 2 of the Orcish Mines.
             The game lasted 00:06:18 (6919 turns).

P0WERM0DE the Cleaver (Deep Dwarf Fighter)          Turns: 6919, Time: 00:06:19

Health: -8/109     AC: 12    Str: 29    XL:     12   Next: 13%
Magic:  0/0        EV: 11    Int:  8    God:    Makhleb [***...]
Gold:   476        SH: 12    Dex: 12    Spells: 11/11 levels left

rFire    . . .     SeeInvis .   E - +1 war axe (vamp)
rCold    . . .     Gourm    .   c - +0 shield
rNeg     . . .     Faith    .   C - +1 plate armour {MR+}
rPois    .         Spirit   .   (no helmet)
rElec    .         Reflect  .   (no cloak)
rCorr    .         Harm     .   f - +0 pair of gloves
MR       ++...                  (no boots)
Stlth    ..........             k - amulet of rage
HPRegen  0.00/turn              v - +2 ring of evasion
MPRegen  0.07/turn              z - +3 ring of strength

@: about to teleport, corroded, non-regenerating, lightly drained
A: damage resistance, heal wounds, sense surroundings 2, no regeneration
a: Heal Wounds, Minor Destruction, Lesser Servant of Makhleb, Renounce Religion,
Evoke Berserk Rage


You were on level 2 of the Orcish Mines.
You worshipped Makhleb.
Makhleb was most pleased with you.
You were not hungry.

You visited 3 branches of the dungeon, and saw 13 of its levels.

You collected 863 gold pieces.
You spent 387 gold pieces at shops.

Inventory:

Hand Weapons
 a - a +0 war axe of flaming
   (You found it on level 9 of the Dungeon)
 x - a +2 hand axe of freezing
   (You bought it in a shop on level 10 of the Dungeon)
 y - a +1 hand axe of distortion
   (You took it off an orc on level 7 of the Dungeon)
 E - a +1 vampiric war axe (weapon)
   (You found it on level 10 of the Dungeon)
Missiles
 b - a throwing net (quivered)
Armour
 c - a +0 shield (worn)
 f - a +0 pair of gloves (worn)
   (You found it on level 9 of the Dungeon)
 C - a +1 plate armour of magic resistance (worn)
   (You took it off an orc warlord on level 2 of the Orcish Mines)
Jewellery
 k - an amulet of rage (around neck)
   (You found it on level 3 of the Dungeon)
 v - a +2 ring of evasion (left hand)
   (You found it on level 6 of the Dungeon)
 z - a +3 ring of strength (right hand)
   (You found it on level 7 of the Dungeon)
Scrolls
 i - 3 scrolls of fear
 q - 4 scrolls of magic mapping
 r - 2 scrolls of identify
 t - a scroll of teleportation
 u - a scroll of enchant weapon
 B - 2 scrolls of enchant armour
 F - a scroll of amnesia
 G - a scroll of remove curse
Potions
 d - a potion of might
 h - 2 potions of haste
 j - a potion of curing {unknown}
 l - a potion of cancellation {unknown}
 m - 2 potions of lignification {unknown}
 n - 4 potions of degeneration {unknown}
 o - 4 potions of ambrosia {unknown}
 p - 3 potions of flight
 s - a potion of berserk rage {unknown}
Miscellaneous
 D - a phial of floods
   (You found it on level 9 of the Dungeon)
Comestibles
 e - 16 rations
 g - 3 chunks of flesh


   Skills:
 + Level 7.5(7.2) Fighting
 * Level 11.8(11.5) Axes
 + Level 9.0(8.7) Armour
 + Level 6.4(6.1) Dodging
 + Level 9.1(8.7) Shields
 * Level 11.1(10.8) Invocations


You had 11 spell levels left.
You didn't know any spells.
Your spell library was empty.

Dungeon Overview and Level Annotations

Branches:
Dungeon (10/15)            Temple (1/1) D:7             Orc (2/2) D:10
    Elf (0/3) Orc:2
   Lair: D:8-11

Altars:
Ashenzari
Cheibriados
Dithmenos
Elyvilon
Fedhas
Gozag
Hepliaklqana
Kikubaaqudgha
Makhleb
Nemelex Xobeh
Okawaru
Qazlal
Sif Muna
Trog
Uskayaw
Vehumet
Wu Jian
Xom
Yredelemnul
Zin
The Shining One

Shops:
D:10 ([[[[   Orc:1 !   Orc:2 }

Annotations:
D:7 2 transporters, cada's ghost, amateur NaFi
Orc:2 Saint Roka


Innate Abilities, Weirdness & Mutations

You are resistant to damage.
You can heal yourself by infusing magical energy.
You passively map the area around you.
You do not regenerate.


Message History

You are too injured to fight recklessly!
You don't have enough innate magic capacity.
You are too injured to fight recklessly!
You feel much better.
The orc knight hits you with a +3 vampiric battleaxe!!
* * * LOW HITPOINT WARNING * * *
The orc knight draws strength from your wounds!
The orc priest hits you with a +0 short sword.
You block the rust devil's attack. The orc high priest closely misses you.
Your shield and plate armour prevent you from hitting the orc knight.
The orc knight is lightly wounded.
You hit the orc high priest.
You feel better.
You hit the orc priest but do no damage.
You hit the rust devil but do no damage.
The orc sorcerer no longer looks unusually strong.
Saint Roka roars a battlecry!
The orc sorcerer goes into a battle-frenzy!
The orc priest barely misses you.
The orc knight hits you with a +3 vampiric battleaxe!!
You die...

# * , #.. , ,,,*# * *
....,, , * , *
######.... ,.#### *
#..8...... ,,...85
##....oo... ,...5o ,
, ##..oo.4...o ,...oo
,*** #..4oo3o3o..,,
..o4o *
#*##..o@8..o4..
,...8o ,
..##.#.)(#####oo..
.#### ,#........(.# *
, ,,., ** ,
.......##.##** , , ,,
.... ..... #...# ,, ,
,,, .... ,... ##.##
*8, ,
......##.###.###∩ ,,
,*
.....##...#....####.
* ,
.#...###............*


You could see Saint Roka, 2 orc knights, an orc high priest, a sun demon, an
orange demon, an ice devil, a rust devil, a smoke demon, 2 orc sorcerers, 3 orc
warriors, an orc priest and 3 orcs.

Vanquished Creatures
  An orc warlord (Orc:2)
  Erica (D:9)
  2 two-headed ogres
  An orc knight (Orc:2)
  4 orc sorcerers
  Joseph (D:10)
  5 trolls
  A hornet (D:10)
  4 hippogriffs
  A spriggan (D:7)
  7 yaks
  3 wargs (Orc:2)
  A water moccasin (D:10)
  Duvessa (D:5)
  19 orc warriors
  An ice beast (D:8)
  3 phantoms
  A sky beast (D:8)
  2 black bears
  A necrophage (D:7)
  12 ogres
  A centaur (D:5)
  5 bullfrogs
  Blork the orc (D:5)
  A gnoll sergeant (D:8)
  Dowan (D:5)
  2 scorpions
  A wyvern skeleton (D:9)
  5 killer bees (D:8)
  A vampire bat (Orc:1)
  A wight (D:10)
  4 crimson imps
  A jelly (D:9)
  A centaur zombie (D:10)
  12 orc priests
  2 centaur skeletons
  4 hounds
  2 bullfrog skeletons (D:7)
  13 orc wizards
  Terence (D:3)
  3 iguanas
  6 worker ants
  A hound skeleton (D:6)
  A hound zombie (D:7)
  A worker ant zombie (D:6)
  9 gnolls
  7 adders
  A howler monkey skeleton (D:5)
  3 shadow imps
  An ooze (D:4)
  2 adder skeletons
  An adder zombie (D:9)
  2 dart slugs
  5 leopard geckos
  47 orcs
  9 bats
  4 giant cockroaches
  13 goblins
  4 hobgoblins
  7 jackals
  9 quokkas
  A ball python (D:1)
  5 frilled lizards
  4 kobolds
  2 quokka skeletons
  6 rats
285 creatures vanquished.

Vanquished Creatures (collateral kills)
  An orc warlord (Orc:2)
  An orc sorcerer (Orc:2)
  A troll (Orc:2)
  3 orc warriors (Orc:2)
  2 ogres (Orc:2)
  2 orc wizards (Orc:2)
  An orc (Orc:2)
11 creatures vanquished.

Vanquished Creatures (others)
  An orc warrior (Orc:1)
1 creature vanquished.

Grand Total: 297 creatures vanquished

Notes
Turn   | Place    | Note
-------+----------+-------------------------------------------
     0 | D:1      | P0WERM0DE the Deep Dwarf Fighter began the quest for the
                  | Orb.
     0 | D:1      | Reached XP level 1. HP: 20/20 MP: 1/1
    25 | D:1      | Reached XP level 2. HP: 25/27 MP: 2/2
   379 | D:3      | Reached XP level 3. HP: 20/33 MP: 3/3
   429 | D:3      | Noticed Terence
   440 | D:3      | Killed Terence
   452 | D:3      | Reached XP level 4. HP: 32/42 MP: 4/4
   519 | D:4      | Reached XP level 5. HP: 36/49 MP: 4/4
   535 | D:4      | You fall through a shaft!
   535 | D:5      | Entered Level 5 of the Dungeon
   654 | D:4      | Reached XP level 6. HP: 55/56 MP: 5/5
   941 | D:4      | Reached skill level 5 in Axes
  1207 | D:5      | Noticed Blork the orc
  1215 | D:5      | Killed Blork the orc
  1233 | D:5      | Reached XP level 7. HP: 61/64 MP: 6/6
  1393 | D:5      | Reached skill level 5 in Armour
  1393 | D:5      | Reached skill level 5 in Shields
  1615 | D:5      | Noticed Dowan
  1616 | D:5      | Noticed Duvessa
  1639 | D:5      | Killed Duvessa
  1648 | D:5      | Killed Dowan
  1979 | D:6      | Reached XP level 8. HP: 58/73 MP: 6/6
  2755 | D:7      | Found a staircase to the Ecumenical Temple.
  2766 | D:7      | Reached skill level 5 in Fighting
  2769 | Temple   | Entered the Ecumenical Temple
  2937 | Temple   | Became a worshipper of Makhleb the Destroyer
  3033 | D:7      | Noticed cada's ghost (amateur NaFi)
  3038 | D:7      | Reached skill level 1 in Invocations
  3073 | D:7      | Reached skill level 1 in Dodging
  3222 | D:7      | Found a transporter.
  3226 | D:7      | Found a transporter.
  3279 | D:7      | Gained mutation: You passively map the area around you.
                  | [Deep Dwarf growth]
  3279 | D:7      | Reached XP level 9. HP: 36/80 MP: 8/8
  3809 | D:8      | Reached skill level 5 in Invocations
  3891 | D:8      | Reached * piety under Makhleb
  4045 | D:8      | Found a sparkling altar of Nemelex Xobeh.
  4425 | D:9      | Noticed a troll
  4436 | D:9      | Killed a troll
  4436 | D:9      | Reached XP level 10. HP: 45/91 MP: 9/9
  4654 | D:9      | Noticed Erica
  4705 | D:9      | Killed Erica
  4818 | D:9      | Reached skill level 10 in Axes
  4953 | D:9      | Found a sparkling altar of Nemelex Xobeh.
  5342 | D:10     | Entered Level 10 of the Dungeon
  5342 | D:10     | Found Muagien's Antique Weapon Shoppe.
  5342 | D:10     | Found a staircase to the Orcish Mines.
  5342 | D:10     | Noticed Joseph
  5356 | D:10     | Killed Joseph
  5375 | D:10     | Bought a runed hand axe for 192 gold pieces
  5427 | D:10     | Found Jafuet's Armour Shoppe.
  5450 | D:10     | Noticed a two-headed ogre
  5456 | D:10     | Killed a two-headed ogre
  5628 | D:10     | Paralysed by a hornet for 1 turns
  5646 | D:10     | Found Gasa's Armour Boutique.
  5653 | D:10     | Found Okejav's Antique Armour Emporium.
  5704 | D:10     | Reached XP level 11. HP: 99/99 MP: 7/7
  5706 | D:10     | Reached ** piety under Makhleb
  5919 | D:10     | Reached skill level 5 in Dodging
  5927 | D:10     | Found Pifiown's Armour Boutique.
  6068 | Orc:1    | Entered Level 1 of the Orcish Mines
  6068 | Orc:1    | Found Kulale's Distillery.
  6141 | Orc:1    | Bought a potion of might for 60 gold pieces
  6141 | Orc:1    | Bought a potion of might for 60 gold pieces
  6141 | Orc:1    | Bought a potion of heal wounds for 75 gold pieces
  6171 | Orc:1    | Noticed an orc sorcerer
  6177 | Orc:1    | Paralysed by an orc sorcerer for 6 turns
  6193 | Orc:1    | Killed an orc sorcerer
  6409 | Orc:2    | Entered Level 2 of the Orcish Mines
  6418 | Orc:2    | Found Qutyjis's Gadget Shoppe.
  6427 | Orc:2    | Noticed an orc warlord
  6429 | Orc:2    | Noticed an orc sorcerer
  6439 | Orc:2    | Killed an orc sorcerer
  6439 | Orc:2    | Killed an orc warlord
  6439 | Orc:2    | Reached *** piety under Makhleb
  6439 | Orc:2    | Reached skill level 10 in Invocations
  6570 | Orc:2    | Noticed an orc warlord
  6591 | Orc:2    | Killed an orc warlord
  6645 | Orc:2    | Noticed an orc sorcerer
  6659 | Orc:2    | Killed an orc sorcerer
  6698 | Orc:2    | Found a staircase to the Elven Halls.
  6749 | Orc:2    | Noticed an orc sorcerer
  6755 | Orc:2    | Noticed a sun demon
  6755 | Orc:2    | Killed an orc sorcerer
  6794 | Orc:2    | Noticed a two-headed ogre
  6802 | Orc:2    | Killed a two-headed ogre
  6828 | Orc:2    | Noticed an orc knight
  6835 | Orc:2    | Noticed Saint Roka
  6838 | Orc:2    | Noticed an orc sorcerer
  6840 | Orc:2    | Noticed an orc sorcerer
  6840 | Orc:2    | Noticed an orc high priest
  6842 | Orc:2    | Noticed a sun demon
  6846 | Orc:2    | Noticed an orc knight
  6847 | Orc:2    | Reached XP level 12. HP: 109/109 MP: 6/6
  6877 | Orc:2    | HP: 1/109 [red devil/+0 trident[an orc high priest] (9)]
  6919 | Orc:2    | Mangled by an orc knight

Skill      XL: |  1  2  3  4  5  6  7  8  9 10 11 12 |
---------------+-------------------------------------+-----
Axes           | 3 4 5 6 8 9 10 11 | 11.8
Fighting       | 3 4 5 6 7 |  7.5
Armour         | 4 5 6 7 8 9 |  9.0
Shields        | 4 5 6 7 8 9 |  9.1
Invocations    | 3 6 8 10 11 | 11.1
Dodging        | 1 3 4 6 |  6.4

Action                   |  1- 3 |  4- 6 |  7- 9 | 10-12 || total
-------------------------+-------+-------+-------+-------++-------
Melee: War axe           |    99 |   166 |   436 |   453 ||  1154
       Hand axe          |       |       |       |     9 ||     9
Invok: Lesser Servant of |       |       |       |     4 ||     4
 Abil: Heal Wounds       |     1 |     6 |    21 |    42 ||    70
  Use: Scroll            |       |     2 |     5 |     7 ||    14
       Potion            |       |       |       |     5 ||     5
 Stab: Distracted        |       |       |       |     4 ||     4
  Eat: Chunk             |       |     2 |     7 |     7 ||    16
       Ration            |       |       |     1 |     2 ||     3
Armor: Scale mail        |    54 |    74 |   143 |       ||   271
       Plate armour      |       |       |    55 |   224 ||   279
Dodge: Dodged            |    34 |    63 |   197 |   188 ||   482
Block: Shield            |    65 |    73 |   273 |   341 ||   752
